 Dungeon Crawl Stone Soup version 0.21-a0-225-g207ae17 (webtiles) character file.

663 Blomdor the Chopper (level 7, -1/49 HPs)
             Began as a Barachi Skald on Aug 29, 2017.
             Was an Initiate of Okawaru.
             Splashed by a jelly's acid (4 damage)
             ... on level 5 of the Dungeon.
             The game lasted 00:06:27 (4280 turns).

Blomdor the Chopper (Barachi Skald)                 Turns: 4280, Time: 00:06:27

Health: -1/49      AC:  7    Str: 14    XL:     7   Next: 56%
Magic:  10/10      EV: 11    Int: 20    God:    Okawaru [......]
Gold:   336        SH:  0    Dex: 12    Spells: 9/10 levels left

rFire    . . .     SeeInvis .   a - +0 hand axe
rCold    + + .     Gourm    +   (no shield)
rNeg     + + +     Faith    .   r - +0 scale mail
rPois    .         Spirit   .   b - +3 hat of Geanwoel {*Drain rC++ rN+++ Int+2}
rElec    .         Reflect  .   (no cloak)
rCorr    .         Harm     .   (no gloves)
MR       .....                  e - +0 pair of boots
Stlth    ..........             s - amulet of the gourmand
HPRegen  0.16/turn              l - +1 ring of evasion
MPRegen  0.12/turn              m - +5 ring of intelligence

@: corroded, slow
A: +LOS, swims, talons 1, frail 1, slowness 1, sturdy frame 1, strong legs 1
a: Hop, Renounce Religion


You were on level 5 of the Dungeon.
You worshipped Okawaru.
Okawaru was noncommittal.
You were not hungry.

You visited 1 branch of the dungeon, and saw 5 of its levels.

You collected 336 gold pieces.

Inventory:

Hand Weapons
 a - a +0 hand axe (weapon)
Armour
 b - the +3 hat of Geanwoel (worn) {*Drain rC++ rN+++ Int+2}
   (You found it on level 4 of the Dungeon)

   It affects your intelligence (+2).
   It greatly protects you from cold.
   It renders you almost immune to negative energy.
   It causes draining when unequipped.
 e - a +0 pair of boots (worn)
 r - a +0 scale mail (worn)
Jewellery
 l - a +1 ring of evasion (left hand)
 m - a +5 ring of intelligence (right hand)
 s - an amulet of the gourmand (around neck)
Wands
 p - a wand of acid (0/15)
Scrolls
 f - 2 scrolls of remove curse
 j - a scroll of enchant armour
 q - 2 scrolls of enchant weapon
Potions
 g - a potion of haste
 k - 3 potions of curing
Books
 c - a book of Battle

   Spells                             Type                      Level
   a - Infusion                       Charms                       1
   b - Shroud of Golubria             Charms/Translocation         2
   c - Song of Slaying                Charms                       2
   d - Spectral Weapon                Hexes/Charms                 3
   e - Regeneration                   Charms/Necromancy            3
Comestibles
 d - 6 bread rations
 h - 2 meat rations
 i - 4 royal jellies
 t - 8 fruits


   Skills:
 + Level 4.9 Fighting
 * Level 7.1 Axes
 + Level 4.2 Armour
 - Level 2.1 Dodging
 - Level 2.1 Spellcasting
 - Level 3.2 Charms


You had 9 spell levels left.
You knew the following spells:

 Your Spells              Type           Power        Failure   Level  Hunger
a - Infusion              Chrm           ###.         10%         1    #......


Dungeon Overview and Level Annotations

Branches:
Dungeon (5/15)
 Temple: D:4-7

Altars:
Dithmenos
Okawaru
Qazlal
Trog

Annotations:
D:4 2 runed doors


Innate Abilities, Weirdness & Mutations

Shadows flee at your approach. (+LOS)
You can swim through water.
You cover ground slowly.
You can hop short distances.
You have sharp toenails.
You are frail. (-10% HP)
Your movements are slightly less encumbered by armour. (ER -2)


Message History

You are splashed with acid!
The acid burns!
The adder skeleton bites you.
* * * LOW HITPOINT WARNING * * *
You hit the adder skeleton.
You destroy the adder skeleton!
Okawaru accepts your kill.
You hit the jelly but do no damage.
Your hands burn!
* * * LOW HITPOINT WARNING * * *
The jelly hits you but does no damage.
You hit the jelly but do no damage.
Your hands burn!
* * * LOW HITPOINT WARNING * * *
The jelly is heavily wounded.
You hit the worker ant but do no damage.
The jelly hits you but does no damage. The worker ant closely misses you.
You hit the jelly but do no damage.
Your hands burn!
* * * LOW HITPOINT WARNING * * *
The jelly is heavily wounded.
You hit the worker ant but do no damage.
The jelly barely misses you. The worker ant closely misses you.
You hit the jelly.
Your hands burn!
You die...

.#####..# ## ## #..# .
#..# . #..# #. #..# ##.
#..# ##.# #### #..# #..#
[..< #..# #..###..##
#..#####.#.@J...#
#........##.a.....#
##.########.........
#######.#########.....###
................ ....##
........######## ##.##
######### ##


You could see a jelly and a worker ant.

Vanquished Creatures
  An ice beast (D:5)
  An ogre (D:4)
  A centaur (D:4)
  2 scorpions
  2 orc priests
  An orc wizard (D:4)
  A bullfrog skeleton (D:4)
  A worker ant (D:4)
  8 adders
  2 oozes
  An adder skeleton (D:5)
  5 worms
  A dart slug (D:1)
  5 leopard geckos
  3 orcs
  2 giant cockroaches (D:2)
  6 goblins
  7 hobgoblins
  6 jackals
  A quokka (D:4)
  A ball python (D:2)
  3 bats
  10 frilled lizards
  A jackal zombie (D:4)
  9 kobolds
  6 rats
87 creatures vanquished.

Vanquished Creatures (others)
  A gnoll (D:5)
1 creature vanquished.

Grand Total: 88 creatures vanquished

Notes
Turn   | Place    | Note
-------+----------+-------------------------------------------
     0 | D:1      | Blomdor the Barachi Skald began the quest for the Orb.
     0 | D:1      | Reached XP level 1. HP: 17/17 MP: 3/3
   179 | D:1      | Reached skill level 3 in Axes
   179 | D:1      | Reached XP level 2. HP: 17/23 MP: 5/5
   789 | D:2      | Reached XP level 3. HP: 12/28 MP: 6/6
  1138 | D:2      | Reached skill level 4 in Axes
  1558 | D:3      | Reached XP level 4. HP: 29/34 MP: 7/7
  1984 | D:3      | Reached XP level 5. HP: 19/41 MP: 8/8
  2238 | D:3      | Found a shadowy altar of Dithmenos.
  2336 | D:3      | Found a stormy altar of Qazlal.
  2336 | D:3      | Noticed an air elemental
  2336 | D:3      | Noticed a fire elemental
  2379 | D:3      | Found a bloodstained altar of Trog.
  2423 | D:3      | Reached skill level 5 in Axes
  2477 | D:3      | Noticed a water elemental
  2861 | D:4      | Reached XP level 6. HP: 47/48 MP: 9/9
  3318 | D:4      | Found a large runed door.
  3322 | D:4      | Found a large runed door.
  3350 | D:4      | Reached skill level 6 in Axes
  3391 | D:4      | Found a large runed door.
  3391 | D:4      | Found a large runed door.
  3408 | D:4      | Gained mutation: You are frail. (-10% HP) [potion of mutation]
  3408 | D:4      | Gained mutation: You have sharp toenails. [potion of mutation]
  3408 | D:4      | Gained mutation: Your movements are slightly less encumbered by armour. (ER -2) [potion of mutation]
  3420 | D:4      | Reached XP level 7. HP: 23/49 MP: 10/10
  3435 | D:4      | Noticed a hippogriff
  3443 | D:4      | HP: 1/49 [hippogriff (6)]
  4031 | D:4      | Got a polished hat
  4037 | D:4      | Identified the +3 hat of Geanwoel {*Drain rC++ rN+++ Int+2} (You found it on level 4 of the Dungeon)
  4069 | D:5      | Entered Level 5 of the Dungeon
  4160 | D:5      | Reached skill level 7 in Axes
  4161 | D:5      | Found an iron altar of Okawaru.
  4185 | D:5      | Became a worshipper of Warmaster Okawaru
  4280 | D:5      | Splashed by a jelly's acid

Vault maps used:
D:1:      minmay_arrival_loop, minivault_11
D:3:      bloody_trog, nicolae_overflow_crystal_walls,
          nicolae_qazlal_style_of_elements
D:4:      first_bread, minmay_hollow_rounded_squares
D:5:      grunt_temple_overflow_holy_war, okawaru_altar_gauntlet_db, uniq_edmund

Skill      XL: |  1  2  3  4  5  6  7 |
---------------+----------------------+-----
Axes           | 3 4 5 6 7 |  7.1
Fighting       | 3 4 |  4.9
Armour         | 2 3 4 |  4.2
Dodging        | |  2.1
Spellcasting   | |  2.1
Charms         | |  3.2

Action                   |  1- 3 |  4- 6 |  7- 9 || total
-------------------------+-------+-------+-------++-------
Melee: Hand axe          |   135 |   172 |    94 ||   401
 Abil: Hop               |       |     1 |     1 ||     2
Evoke: Wand              |       |     1 |     1 ||     2
  Use: Scroll            |     5 |     1 |     1 ||     7
       Potion            |       |     3 |     3 ||     6
  Eat: Chunk             |     3 |     6 |     8 ||    17
Armor: Leather armour    |    13 |       |       ||    13
       Scale mail        |    22 |    62 |    41 ||   125
Dodge: Dodged            |    98 |    85 |    58 ||   241

Table legend:
 A = Spawn XP
 B = Non-spawn XP
 C = Spawn XP percentage of total XP
 D = Spawn monster count
 E = Non-spawn monster count
 F = Spawn count percentage of total count
 G = Total turns spent on level
                    A         B        C        D         E        F      G
               +---------+---------+-------+---------+---------+-------+---------
         Total |      18 |     930 |   1.9 |       4 |      83 |   4.6 |  4280
               +---------+---------+-------+---------+---------+-------+---------
           D:1 |       2 |      25 |   7.4 |       1 |      16 |   5.9 |   740
           D:2 |       0 |      68 |   0.0 |       0 |      23 |   0.0 |   967
           D:3 |      15 |      93 |  13.9 |       2 |      16 |  11.1 |   854
           D:4 |       1 |     509 |   0.2 |       1 |      17 |   5.6 |  1508
           D:5 |       0 |     235 |   0.0 |       0 |      11 |   0.0 |   211
               +---------+---------+-------+---------+---------+-------+---------
